 Dungeon Crawl Stone Soup version 0.29.1-14-g9c671dbff4 (webtiles) character file.

Game seed: 14813342838576291723

232 leafyfresh the Covert (level 6, -1/53 HPs)
             Began as a Gnoll Delver on Feb 15, 2023.
             Slain by an ogre
             ... wielding a +0 giant spiked club
              (18 damage)
             ... on level 4 of the Dungeon.
             The game lasted 00:07:59 (4142 turns).

leafyfresh the Covert (Gnoll Delver)                Turns: 4142, Time: 00:07:59

Health: -1/53      AC:  4    Str: 11    XL:     6   Next: 4%
Magic:  8/8        EV: 14    Int:  9    God:
Gold:   166        SH:  5    Dex: 21    Spells: 8/8 levels left

rFire   . . .      SeeInvis .   j - +1 sling (flame)
rCold   . . .      Faith    .   p - +0 buckler of Inference {Dex+5}
rNeg    . . .      Spirit   .   b - +0 leather armour
rPois   .          Reflect  .   (no helmet)
rElec   .          Harm     .   (no cloak)
rCorr   .          Rampage  .   s - +0 pair of gloves
Will    .....                   (no boots)
Stlth   ++++......              (no amulet)
HPRegen 0.17/turn               (no ring)
MPRegen 0.11/turn               (no ring)

@: no status effects
A: fangs 1, strong nose, distributed training
a: no special abilities


You were on level 4 of the Dungeon.
You visited 1 branch of the dungeon, and saw 5 of its levels.

You collected 166 gold pieces.

Inventory:

Hand Weapons
 a - a +0 short sword
 j - a +1 sling of flaming (weapon)
Armour
 b - a +0 leather armour (worn)
 i - an orb of wrath
 p - the +0 buckler of Inference (worn) {Dex+5}
   (You found it on level 2 of the Dungeon)

   Dex:       It affects your dexterity (+5).
 s - a +0 pair of gloves (worn)
Wands
 g - a wand of digging (2)
Scrolls
 c - 2 scrolls of fog
 d - 2 scrolls of magic mapping
 h - 2 scrolls of poison
 m - a scroll of amnesia
 n - a scroll of noise {unknown}
 o - a scroll of blinking
 r - 3 scrolls of fear
Potions
 e - a potion of cancellation {unknown}
 f - a potion of haste
 k - 3 potions of curing
 l - 2 potions of resistance
 q - a potion of lignification
 t - 2 potions of mutation {unknown}


   Skills:
 + Level 6.8 Fighting
 + Level 4.9 Short Blades
 + Level 1.8 Long Blades
 + Level 1.8 Axes
 + Level 1.8 Maces & Flails
 + Level 1.8 Polearms
 + Level 1.8 Staves
 + Level 1.8 Ranged Weapons
 + Level 1.8 Throwing
 + Level 1.8 Armour
 + Level 4.9 Dodging
 + Level 9.7 Stealth
 + Level 1.8 Shields
 + Level 1.8 Unarmed Combat
 + Level 1.8 Spellcasting
 + Level 1.4 Conjurations
 + Level 1.4 Hexes
 + Level 1.4 Summonings
 + Level 1.4 Necromancy
 + Level 1.4 Translocations
 + Level 1.4 Transmutations
 + Level 1.4 Fire Magic
 + Level 1.4 Ice Magic
 + Level 1.4 Air Magic
 + Level 1.4 Earth Magic
 + Level 1.4 Poison Magic
 + Level 2.0 Invocations
 + Level 1.8 Evocations


You had 8 spell levels left.
You didn't know any spells.
Your spell library contained the following spells:

 Spells                   Type           Power      Damage    Failure   Level
 Shock                    Conj/Air       12%        1d3       32%         1
 Ozocubu's Armour         Ice            3%         N/A       69%         3
 Swiftness                Air            3%         N/A       69%         3
 Airstrike                Air            1%         2d(1-17)  97%         4
 Ozocubu's Refrigeration  Ice            1%         4d7       100%        7


Dungeon Overview and Level Annotations

Branches:
Dungeon (5/15)
 Temple: D:4-7

Altars:

Annotations:
D:4 2 runed translucent doors, Dowan, Duvessa


Innate Abilities, Weirdness & Mutations

You have very sharp teeth.
Your uncanny sense of smell can sniff out nearby items.
Your experience applies equally to all skills.


Message History

The sling bullet barely misses the hobgoblin.
The hobgoblin shouts!
A hobgoblin is nearby!
You shoot a sling bullet. The sling bullet hits the hobgoblin!
The sling bullet burns the hobgoblin.
You kill the hobgoblin!
No target in view!
No target in view!
No target in view!
A worm comes into view.
You shoot a sling bullet.
The sling bullet hits the worm but does no damage.
You hear a shout!
A worm is nearby!
You shoot a sling bullet. The sling bullet hits the worm!
The sling bullet burns the worm.
The worm is severely wounded.
An ogre comes into view. It is wielding a +0 giant spiked club.
There are monsters nearby!
You shoot a sling bullet. The sling bullet hits the ogre!
The sling bullet burns the ogre.
The ogre is moderately wounded.
You shoot a sling bullet. The sling bullet hits the ogre!
The sling bullet burns the ogre.
The ogre is severely wounded.
The ogre closely misses you.
You shoot a sling bullet.
The sling bullet barely misses the ogre.
The ogre hits you with a +0 giant spiked club!!
You shoot a sling bullet. The sling bullet hits the ogre.
The sling bullet burns the ogre.
The ogre is almost dead.
The ogre hits you with a +0 giant spiked club!!
You are too injured to fight recklessly!
You are too injured to fight recklessly!
You are too injured to fight recklessly!
You are too injured to fight recklessly!
Unknown command.
The ogre hits you with a +0 giant spiked club!!
You die...

∆ #.# #. #.## #### ∆
#.#####... ..#
#.#...#..########O##
#.#.#.#..#......@..#
#.#.#.#..#.######w.#
#.#.#.#..#.######..#
#.#.#.#............#
.........#.######.##
#.#.#.#..#... ...
#.#.#.#........ ...
###
#.#.#.##...........
##########.#
..#.#............
.........#.#


You could see an ogre and a worm.

Vanquished Creatures
  Blork the orc (D:3)
  Natasha (D:4)
  Robin (D:2)
  4 adders
  An ufetubus (D:4)
  A worm (D:3)
  2 dart slugs
  4 orcs
  9 endoplasms
  17 goblins
  6 hobgoblins
  5 jackals
  2 kobolds (D:1)
  2 quokkas (D:1)
  6 ball pythons
  3 bats
  A frilled lizard (D:1)
  9 rats
75 creatures vanquished.

Vanquished Creatures (others)
  12 plants (D:1)
12 creatures vanquished.

Grand Total: 87 creatures vanquished

Notes
Turn   | Place    | Note
-------+----------+-------------------------------------------
     0 | D:5      | Reached skill level 9 in Stealth
     0 | D:5      | leafyfresh the Gnoll Delver began the quest for the Orb.
     0 | D:5      | Reached XP level 1. HP: 23/23 MP: 1/1
   224 | D:5      | Noticed an ice beast
   237 | D:4      | Noticed Natasha
   237 | D:4      | Noticed Blork the orc
   238 | D:4      | Found a large runed translucent door.
   238 | D:4      | Found a large runed translucent door.
   366 | D:2      | Reached XP level 2. HP: 15/29 MP: 2/2
   858 | D:1      | Reached XP level 3. HP: 35/35 MP: 3/3
  1314 | D:1      | Reached skill level 1 in Invocations
  1516 | D:2      | Identified the +0 buckler of Inference {Dex+5}
  1747 | D:2      | Found a faded altar of an unknown god.
  1766 | D:2      | Noticed Robin
  1770 | D:2      | Reached skill level 1 in Long Blades
  1770 | D:2      | Reached skill level 1 in Axes
  1770 | D:2      | Reached skill level 1 in Maces & Flails
  1770 | D:2      | Reached skill level 1 in Polearms
  1770 | D:2      | Reached skill level 1 in Staves
  1770 | D:2      | Reached skill level 1 in Ranged Weapons
  1770 | D:2      | Reached skill level 1 in Throwing
  1770 | D:2      | Reached skill level 1 in Armour
  1770 | D:2      | Reached skill level 1 in Shields
  1770 | D:2      | Reached skill level 1 in Unarmed Combat
  1770 | D:2      | Reached skill level 1 in Spellcasting
  1770 | D:2      | Reached skill level 1 in Evocations
  1794 | D:2      | Killed Robin
  1795 | D:2      | Reached XP level 4. HP: 20/41 MP: 5/5
  2348 | D:3      | Reached skill level 1 in Conjurations
  2348 | D:3      | Reached skill level 1 in Hexes
  2348 | D:3      | Reached skill level 1 in Summonings
  2348 | D:3      | Reached skill level 1 in Necromancy
  2348 | D:3      | Reached skill level 1 in Translocations
  2348 | D:3      | Reached skill level 1 in Transmutations
  2348 | D:3      | Reached skill level 1 in Fire Magic
  2348 | D:3      | Reached skill level 1 in Ice Magic
  2348 | D:3      | Reached skill level 1 in Air Magic
  2348 | D:3      | Reached skill level 1 in Earth Magic
  2348 | D:3      | Reached skill level 1 in Poison Magic
  2898 | D:3      | Killed Blork the orc
  2899 | D:3      | Reached XP level 5. HP: 6/47 MP: 5/7
  3578 | D:4      | Noticed Duvessa
  3578 | D:4      | Noticed Dowan
  3590 | D:4      | HP: 2/47 [poisoned by you (poison gas)]
  4037 | D:4      | Killed Natasha
  4073 | D:4      | Reached XP level 6. HP: 53/53 MP: 8/8
  4142 | D:4      | Slain by an ogre

Illustrated notes

Levels and vault maps discovered:
D:1:      dpeg_arrival_connections, layout_basic, serial_bayou_pond_c
D:2:      layout_basic, hellmonk_ecumenical_altar_heavens_door,
          minmay_misc_feat_hallway, uniq_robin
D:3:      layout_loops_ring
D:4:      due_chaos_kobolds, layout_basic, minitemple,
          mainiacjoe_overflow_alcove_2, minmay_temple_entry_statues_fountains,
          uniq_pikel, uniq_natasha, uniq_blork_the_orc, uniq_duvessa
D:5:      layout_basic, minmay_misc_feat_five

Skill      XL: |  1  2  3  4  5 |
---------------+----------------+-----
Stealth        | |  9.7
Invocations    | 1 2 |  2.0
Long Blades    | 1 |  1.8
Axes           | 1 |  1.8
Maces & Flails | 1 |  1.8
Polearms       | 1 |  1.8
Staves         | 1 |  1.8
Ranged Weapons | 1 |  1.8
Throwing       | 1 |  1.8
Armour         | 1 |  1.8
Shields        | 1 |  1.8
Unarmed Combat | 1 |  1.8
Spellcasting   | 1 |  1.8
Evocations     | 1 |  1.8
Conjurations   | 1 |  1.4
Hexes          | 1 |  1.4
Summonings     | 1 |  1.4
Necromancy     | 1 |  1.4
Translocations | 1 |  1.4
Transmutations | 1 |  1.4
Fire Magic     | 1 |  1.4
Ice Magic      | 1 |  1.4
Air Magic      | 1 |  1.4
Earth Magic    | 1 |  1.4
Poison Magic   | 1 |  1.4
Fighting       | |  6.8
Short Blades   | |  4.9
Dodging        | |  4.9

Action                   |  1- 3 |  4- 6 || total
-------------------------+-------+-------++-------
Melee: Short sword       |    44 |    44 ||    88
       Bite              |     6 |     1 ||     7
       Punch             |     1 |       ||     1
 Fire: Sling             |    70 |    84 ||   154
Evoke: Wand              |     1 |       ||     1
  Use: Scroll            |     1 |     4 ||     5
       Potion            |       |     2 ||     2
 Stab: Sleeping          |     1 |       ||     1
Armor: Leather armour    |    20 |     5 ||    25
       Skin              |       |    33 ||    33
Dodge: Dodged            |    58 |    33 ||    91
Block: Buckler           |     8 |    28 ||    36
